cohdb
Replays
Latest Replays
All Replays
Popular Replays
Top Player Replays
Match Explorer
How It Works
Community
CoH3 Stats
Reddit
Sign in to upload your games and track your stats! →
Sign in with Steam
Match 44128863
Unlisted
Match 44128863
Overview
Messages
Build Orders
End
Panzerpioneer Squad
Panzergrenadier Squad
Panzergrenadier Squad
Selects Italian Infantry
250 Light Carrier
Construct Light Support Kompanie
Selects Guastatori Squad
Guastatori Squad
Fire Support Elements
Flakvierling Half-track
Pak 38 Anti-tank Gun Team
Selects Registered Artillery
Selects Towed Cannone da 105/28 Field Howitzer
Panzerjäger Squad
Tersy
TidaL
0
0
Comments
sign in to comment!
No comments posted yet!